 Dungeon Crawl Stone Soup version 0.31-a0-841-g038b102fc3 (webtiles) character file.

Game seed: 5945301812711289838

695 Kurtz the Cleaver (level 7, -8/46 HPs)
             Began as an Octopode Fighter on Sept 27, 2023.
             Was an Initiate of Gozag.
             Mangled by a kobold brigand
             ... wielding a +0 short sword of electrocution
              (12 damage)
             ... in a sewer.
             The game lasted 00:05:07 (2500 turns).

Kurtz the Cleaver (Octopode Fighter)                Turns: 2500, Time: 00:05:07

Health: -8/46      AC:  1    Str: 20    XL:     7   Next: 64%
Magic:  0/7        EV: 13    Int: 14    God:    Gozag
Gold:   214        SH:  4    Dex:  9    Spells: 6/6 levels left

rFire   . . .        a - +0 war axe
rCold   . . .        b - +0 buckler
rNeg    . . .        (helmet restricted)
rPois   .            p - amulet of guardian spirit
rElec   .            (no ring)
rCorr   .            (no ring)
SInv    .            (no ring)
Will    .....        (no ring)
Stlth   +++          (no ring)
HPRegen 0.27/turn    (no ring)
MPRegen 0.10/turn    (no ring)
                     (no ring)

%: guardian spirit
@: gold aura, hasted, very quick
A: almost no armour, amphibious, 8 rings, camouflage 1, gelatinous body 1,
nimble swimmer 1, tentacles, clever 1, strong 1, wild magic 1
a: Renounce Religion, Potion Petition, Call Merchant, Bribe Branch


You were in a sewer.
You worshipped Gozag.
Gozag was aware of your devotion.
You visited 2 branches of the dungeon, and saw 6 of its levels.
You also visited: Sewer.

You collected 279 gold pieces.
You paid 65 gold pieces to Gozag.

Inventory:

Hand Weapons
 a - a +0 war axe (weapon)
 g - the +2 lajatang "Quraraob" {flame, rC- rCorr Dex-3 Stlth+}
   (You found it on level 2 of the Dungeon)

   Dex-3:     It affects your dexterity (-3).
   rC-:       It makes you vulnerable to cold.
   rCorr:     It protects you from acid and corrosion.
   Stlth+:    It makes you more stealthy.
Missiles
 j - 2 throwing nets
 l - 12 poisoned darts
 q - 5 javelins
Armour
 b - a +0 buckler (worn)
Jewellery
 p - an amulet of guardian spirit (around mantle)
Wands
 f - a wand of digging (4)
Scrolls
 c - a scroll of vulnerability
 d - a scroll of fog
 k - a scroll of blinking
 o - a scroll of noise {unknown}


   Skills:
 * Level 3.2 Fighting
 * Level 8.3 Axes
 - Level 3.0 Dodging
 - Level 3.0 Shields


You had 6 spell levels left.
You didn't know any spells.
Your spell library contained the following spells:

 Spells                   Type           Power      Damage    Failure   Level
 Magic Dart               Conj           0%         1d3       43%         1
 Call Imp                 Summ           0%         N/A       56%         2
 Mephitic Cloud           Conj/Pois/Air  0%         N/A       78%         3


Dungeon Overview and Level Annotations

Branches:
Dungeon (5/15)             Temple (1/1) D:4           Sewer (1/1)

Altars:
Elyvilon
Fedhas
Gozag
Makhleb
Nemelex Xobeh
Qazlal
Ru
Sif Muna
Vehumet
Wu Jian
Xom
Yredelemnul
Zin
The Shining One

Annotations:
D:3 2 transporters, javelincjr's ghost, amateur TrSh
D:4 2 runed translucent doors


Innate Abilities, Weirdness & Mutations

You cannot wear most types of armour.
You are amphibious.
You can wear up to eight rings at the same time.
Your skin changes colour to match your surroundings (Stealth+).
Your rubbery body absorbs attacks. (AC +1, EV +1)
You are camouflaged when in or above water. (Stealth+)
You have tentacles for arms and can constrict up to eight enemies at once.
Your mind is acute. (Int +4, Str/Dex -1)
Your muscles are strong. (Str +4, Int/Dex -1)
Your spells are a little harder to cast, but a little more powerful.


Message History

The kobold brigand is moderately wounded.
You hit the kobold but do no damage.
You hit the kobold brigand but do no damage.
You feel sick.
You are no longer poisoned.
The kobold brigand hits you but does no damage.
The kobold brigand hits you with a +0 short sword!
The kobold brigand splashes around in the water.
You are too injured to fight recklessly!
You are too injured to fight recklessly!
Unknown command.
You are too injured to fight recklessly!
Unknown command.
You are too injured to fight recklessly!
You feel yourself speed up.
The kobold brigand hits you with a +0 short sword.
The kobold splashes around in the water.
The jackal splashes around in the water.
The kobold brigand hits you with a +0 short sword of electrocution!
* * * LOW HITPOINT WARNING * * *
Unknown command.
You barely miss the kobold. You grab the kobold. You closely miss the jackal.
You hit the kobold brigand. You barely miss the kobold brigand.
You constrict the kobold. The jackal bites you.
* * * LOW HITPOINT WARNING * * *
The kobold brigand completely misses you.
The kobold misses you.
Unknown command.
You hit the kobold brigand. Your grab misses the kobold brigand.
Your squeeze misses the kobold brigand.
The kobold brigand is moderately wounded.
You slash the jackal!
You kill the jackal!
You hit the kobold brigand. You barely miss the kobold.
You constrict the kobold.
The kobold brigand hits you with a +0 short sword of electrocution!
* * * LOW HITPOINT WARNING * * *
You are electrocuted!
You die...
Your body crumbles into a pile of gold.

#∩ ############
##.###.~....~...#
........~~~~$KK.#
~~~~~~~~~~$≈≈@K.#.
≈≈≈≈≈≈≈≈≈≈≈≈≈≈K.K....
~~≈~~~~~~~≈≈≈~.#....
....~~~~.~~~~..# .~.
####.~.~.~~...# ~
##~######### #~# #~#
#~#


You could see 2 kobold brigands and 3 kobolds.

Vanquished Creatures
  An ogre (D:4)
  A phantom (D:4)
  2 scorpions
  2 jellies (D:4)
  2 orc priests
  A gnoll bouda (D:3)
  An iguana (D:4)
  An orc wizard (D:3)
  5 gnolls (D:3)
  8 adders
  A river rat (D:5)
  A white imp (D:5)
  3 worms
  A dart slug (D:1)
  6 orcs
  4 bats
  4 endoplasms
  5 giant cockroaches
  A goblin (D:3)
  4 hobgoblins
  7 jackals
  5 kobolds
  5 quokkas
  A ball python (D:1)
  4 frilled lizards
  18 rats
94 creatures vanquished.

Notes
Turn   | Place    | Note
-------+----------+-------------------------------------------
     0 | D:1      | Kurtz the Octopode Fighter began the quest for the Orb.
     0 | D:1      | Reached XP level 1. HP: 16/16 MP: 1/1
   132 | D:1      | Reached XP level 2. HP: 21/21 MP: 2/2
   243 | D:1      | Reached skill level 3 in Axes
   575 | D:3      | Reached XP level 3. HP: 26/26 MP: 3/3
   597 | D:3      | Found a transporter.
   626 | D:3      | Reached skill level 4 in Axes
   626 | D:3      | Reached XP level 4. HP: 26/31 MP: 4/4
   649 | D:2      | Reached skill level 5 in Axes
   649 | D:2      | Reached XP level 5. HP: 5/36 MP: 5/5
   787 | D:2      | Identified the +2 lajatang "Quraraob" {flame, rC- rCorr
                  | Dex-3 Stlth+}
   913 | D:2      | Found a faded altar of an unknown god.
  1302 | D:3      | Found a transporter.
  1306 | D:3      | Noticed javelincjr's ghost (amateur TrSh)
  1546 | D:3      | Reached skill level 6 in Axes
  1561 | D:3      | Reached XP level 6. HP: 42/42 MP: 6/6
  1793 | D:4      | Gained mutation: Your muscles are strong. (Str +4, Int/Dex
                  | -1) [potion of mutation]
  1793 | D:4      | Gained mutation: Your spells are a little harder to cast,
                  | but a little more powerful. [potion of mutation]
  1793 | D:4      | Gained mutation: Your mind is acute. (Int +4, Str/Dex -1)
                  | [potion of mutation]
  1801 | D:4      | Reached skill level 7 in Axes
  1803 | D:4      | Reached XP level 7. HP: 31/46 MP: 2/7
  1814 | D:4      | Found a staircase to the Ecumenical Temple.
  1823 | Temple   | Entered the Ecumenical Temple
  1835 | Temple   | Became a worshipper of Gozag Ym Sagoz the Greedy
  2233 | D:4      | Found a large runed translucent door.
  2233 | D:4      | Found a large runed translucent door.
  2238 | D:4      | Found a shimmering altar of Xom.
  2246 | D:5      | Entered Level 5 of the Dungeon
  2332 | D:5      | Reached skill level 8 in Axes
  2385 | D:5      | Found a glowing drain.
  2396 | Sewer    | Entered a sewer
  2500 | Sewer    | Mangled by a kobold brigand

Illustrated notes

Levels and vault maps discovered:
D:1:      minmay_arrival_loop, layout_rooms, serial_bayou_crossing
D:2:      layout_basic, shapermc_ecumenical_altar_starsandcircs
D:3:      layout_rooms, gammafunk_ghost_stat_death
D:4:      due_chaos_kobolds, layout_rooms, lemuel_round_altar, temple_green,
          hangedman_decor_riveting
D:5:      layout_basic, nicolae_uskayaw_en_pointe, mainiacjoe_overflow_chevrons,
          okawaru_metal_pillars_1_2, gup_sewer_entry_bubbles,
          grunt_decor_one_mirror
Temple:   nicolae_temple_god_jail
Sewer:    sewer_kobolds

Skill      XL: |  1  2  3  4  5  6  7 |
---------------+----------------------+-----
Axes           | 3 4 5 6 7 8 |  8.3
Fighting       | |  3.2
Dodging        | |  3.0
Shields        | |  3.0

Action                     |  1- 3 |  4- 6 |  7- 9 || total
---------------------------+-------+-------+-------++-------
  Melee: War axe           |    46 |    83 |    59 ||   188
         Constrict         |    14 |    20 |    11 ||    45
         Tentacles         |     5 |    19 |    11 ||    35
         Punch             |     1 |       |     2 ||     3
    Use: Potion            |       |     5 |     1 ||     6
         Scroll            |       |       |     3 ||     3
   Stab: Sleeping          |     4 |     3 |       ||     7
 Armour: Skin              |    20 |    29 |    25 ||    74
  Dodge: Dodged            |    37 |    47 |    25 ||   109
  Block: Buckler           |    14 |    19 |     3 ||    36

Table legend: (Time is in decaauts)
 A = Elapsed time spent in this place.
 B = Non-inter-level travel time spent in this place.
 C = Inter-level travel time spent in this place.
 D = Time resting spent in this place.
 E = Time spent auto-exploring this place.
 F = Levels seen in this place.
 G = Mean time per level.
                   A        B        C        D        E       F      G
               +--------+--------+--------+--------+--------+-----+--------+
         Total |   2528 |   2375 |    153 |    333 |   1306 |   7 |  361.1 |
       Dungeon |   2356 |   2215 |    141 |    324 |   1204 |   5 |  471.2 |
        Temple |     66 |     54 |     12 |      3 |     45 |   1 |   66.0 |
         Sewer |    105 |    105 |      0 |      6 |     57 |   1 |  105.0 |
               +--------+--------+--------+--------+--------+-----+--------+

Top non-repeatable levels by time:
     D:3: 689 daAuts
     D:2: 594 daAuts
     D:1: 516 daAuts
     D:4: 430 daAuts
     D:5: 125 daAuts
   Sewer: 105 daAuts
  Temple: 66 daAuts
